 Dungeon Sprint DCSS version 0.19.5 (webtiles) character file.

137 Mesmaeker13 the Skirmisher (level 5, -3/51 HPs)
             Began as a Hill Orc Fighter on May 5, 2017.
             Slain by a yak (7 damage)
             ... in the Dungeon (Sprint I: "Red Sonja").
             The game lasted 00:01:01 (480 turns).

Mesmaeker13 the Skirmisher (Hill Orc Fighter)        Turns: 480, Time: 00:01:01

Health: -3/51      AC:  7    Str: 20    XL:     5   Next: 20%
Magic:  5/5        EV:  8    Int:  8    God:
Gold:   303        SH: 10    Dex: 10    Spells: 0 memorised, 4 levels left

rFire  . . .     SeeInvis .     a - +0 flail
rCold  . . .     Gourm    .     b - +0 scale mail
rNeg   . . .     Faith    .     c - +0 shield
rPois  .         Spirit   .     (no helmet)
rElec  .         Reflect  .     (no cloak)
rCorr  .         Harm     .     (no gloves)
MR     .....     NoTele   +     (no boots)
Stlth  ..........               (no amulet)
                                (no ring)
                                (no ring)

@: no status effects
A: no striking features
a: no special abilities


You were in the Dungeon.
You were not hungry.

You visited 1 branch You collected 303 gold pieces.

Inventory:

Hand Weapons
 a - a +0 flail (weapon)
Armour
 b - a +0 scale mail (worn)
 c - a +0 shield (worn)
Scrolls
 k - a scroll of blinking
Potions
 d - a potion of might
 e - a potion of curing
 g - a potion of heal wounds
 h - a potion of haste
 i - 2 potions of magic
Comestibles
 f - a bread ration


   Skills:
 + Level 6.9 Fighting
 + Level 5.8 Maces & Flails
 + Level 6.3 Armour
 + Level 6.4 Shields


You had 4 spell levels left.
You didn't know any spells.

Dungeon Overview and Level Annotations

Branches:
Dungeon (1/1)

Altars:
Cheibriados
Dithmenos
Elyvilon
Fedhas
Hepliaklqana
Kikubaaqudgha
Okawaru
Qazlal
Ru
Sif Muna
Trog
Uskayaw
Vehumet
Yredelemnul
Zin
The Shining One

Shops:
D [

Annotations:
D Sigmund, Sonja


Message History

You closely miss the yak.
The yak is moderately wounded.
The yak gores you!
Sigmund opens the door.
Found 27 gold pieces.
Sonja, the Graceful Assassin comes into view.
She is wielding a short sword of venom.
You completely miss the yak.
The yak is moderately wounded.
Sigmund shouts!
Sonja shouts!
The yak barely misses you. Sigmund gestures at you while chanting.
You resist with some effort. The yak gores you!
* * * LOW HITPOINT WARNING * * *
You hit the yak.
The yak is moderately wounded.
Sigmund points at you and mumbles some strange words.
You resist with some effort. You block the yak's attack.
Your shield and scale mail prevent you from hitting the yak.
The yak is moderately wounded.
The yak gores you!
You die...

################
#<.#..)..#..'..#
#..'[.#..'..#..+
#..#####'#####'#
#..# #..#...#(#
#..#__####..##.#
#..#_____##'#..+
#⌠⌠#_.∩...Y@.._#
####_..__##_.#+#
___ ##@# # K# ..
.$# .## +#


You could see a yak, Sigmund and Sonja.

Vanquished Creatures
  An ogre (D)
  A jelly (D)
  Ijyb (D)
3 creatures vanquished.

Notes
Turn   | Place    | Note
-------+----------+-------------------------------------------
     0 | D        | Mesmaeker13 the Hill Orc Fighter began the quest for the Orb.
     0 | D        | Reached XP level 1. HP: 19/19 MP: 1/1
     1 | D        | Noticed Ijyb
    16 | D        | Killed Ijyb
    16 | D        | Reached XP level 2. HP: 15/28 MP: 2/2
    16 | D        | Reached XP level 3. HP: 18/35 MP: 3/3
   163 | D        | Noticed an ogre
   169 | D        | Killed an ogre
   169 | D        | Reached skill level 5 in Maces & Flails
   169 | D        | Reached skill level 5 in Armour
   169 | D        | Reached XP level 4. HP: 45/45 MP: 4/4
   213 | D        | Noticed Sigmund
   418 | D        | Found a deep blue altar of Sif Muna.
   420 | D        | Found a radiant altar of Vehumet.
   423 | D        | Reached XP level 5. HP: 47/51 MP: 5/5
   473 | D        | Found Buta's Armour Emporium.
   473 | D        | Found an ancient bone altar of Kikubaaqudgha.
   473 | D        | Found a hazy altar of Hepliaklqana.
   473 | D        | Found a stormy altar of Qazlal.
   473 | D        | Found a hide-covered altar of Uskayaw.
   473 | D        | Found a blossoming altar of Fedhas.
   473 | D        | Found a bloodstained altar of Trog.
   473 | D        | Found an iron altar of Okawaru.
   473 | D        | Found a basalt altar of Yredelemnul.
   473 | D        | Found a glowing golden altar of the Shining One.
   473 | D        | Found a snail-covered altar of Cheibriados.
   473 | D        | Found a sacrificial altar of Ru.
   473 | D        | Found a glowing silver altar of Zin.
   473 | D        | Found a shadowy altar of Dithmenos.
   473 | D        | Found a white marble altar of Elyvilon.
   473 | D        | Noticed a yak
   478 | D        | Noticed Sonja
   480 | D        | Slain by a yak

Skill      XL: |  1  2  3  4 |
---------------+-------------+-----
Fighting       | 4 6 |  6.9
Maces & Flails | 3 5 |  5.8
Armour         | 4 5 6 |  6.3
Shields        | 4 6 |  6.4

Action                   |  1- 3 |  4- 6 || total
-------------------------+-------+-------++-------
Melee: Flail             |    19 |    19 ||    38
  Use: Potion            |     1 |       ||     1
Armor: Scale mail        |     7 |     2 ||     9
Dodge: Dodged            |     3 |     2 ||     5
Block: Shield            |     3 |     4 ||     7
